 Dungeon Crawl Stone Soup version 0.18-a0-1348-g32b6e23 (webtiles) character file.

28 Gottschkopf the Ruffian (level 3, 0/31 HPs)
             Began as a Naga Transmuter on Feb 18, 2016.
             Slain by an adder (2 damage)
             ... on level 1 of the Dungeon.
             The game lasted 00:05:27 (1468 turns).

Gottschkopf the Ruffian (Naga Transmuter)           Turns: 1468, Time: 00:05:27

Health: 0/31       AC:  2    Str: 12    XL:     3   Next: 12%
Magic:  4/6        EV: 10    Int: 14    God:
Gold:   13         SH:  0    Dex: 11    Spells: 3 memorised, 0 levels left

rFire  . . .     SeeInvis +       - Unarmed
rCold  . . .     Gourm    .     b - +0 robe
rNeg   . . .     Faith    .     (no shield)
rPois  +         Spirit   .     (no helmet)
rElec  .         Dismiss  .     (no cloak)
rCorr  .         Reflect  .     (no gloves)
SustAt .         Harm     +     (no barding)
MR     .....                    l - amulet of harm
Stlth  +.........               (no ring)
                                (no ring)

@: lethally poisoned (0 -> -1), very slow, not resistant to hostile
enchantments, very unstealthy
A: see invisible, deformed body, poison resistance, slowness 2, slow metabolism
1, spit poison 2, AC +1
a: Spit Poison


You were on level 1 of the Dungeon.
You were not hungry.

You visited 1 branch of the dungeon, and saw 2 of its levels.

You collected 13 gold pieces.

Inventory:

Missiles
 a - 8 arrows
Armour
 b - a +0 robe (worn)
Jewellery
 l - an amulet of harm (around neck)
Scrolls
 g - a scroll of magic mapping {unknown}
 h - a scroll of identify {unknown}
 j - a scroll of teleportation
 k - a scroll of noise {unknown}
Potions
 e - 2 potions of curing {unknown}
 i - a potion of degeneration {unknown}
Books
 c - a book of Changes

   Spells                             Type                      Level
   a - Beastly Appendage              Transmutation                1
   b - Sticks to Snakes               Transmutation                2
   c - Spider Form                    Transmutation/Poison         3
   d - Ice Form                       Ice/Transmutation            4
   e - Blade Hands                    Transmutation                5
Comestibles
 d - a bread ration
 f - a meat ration


   Skills:
 - Level 1.1 Fighting
 - Level 1.8 Dodging
 - Level 3.4 Unarmed Combat
 * Level 2.2 Spellcasting
 * Level 2.4 Transmutations


You couldn't memorise any spells.
You knew the following spells:

 Your Spells              Type           Power        Failure   Level  Hunger
a - Beastly Appendage     Trmt           #.....       10%         1    #......
b - Sticks to Snakes      Trmt           #.......     14%         2    ###....
c - Spider Form           Trmt/Pois      #.........   47%         3    ###....


Dungeon Overview and Level Annotations

Branches:
Dungeon (2/15)

Altars:
Nemelex Xobeh


Innate Abilities, Weirdness & Mutations

You cannot wear boots.
Your serpentine skin is tough (AC +1).
You have supernaturally acute eyesight.
Armour fits poorly on your strangely shaped body.
Your system is resistant to poisons.
You cover ground very slowly.
You have a slow metabolism.
You can spit poison.


Message History

Confirm with . or Enter, or press ? or * to list all spells.
You create a snake!
You now have 8 arrows.
The kobold barely misses you. The adder barely misses you. The adder bites you.
* * * LOW HITPOINT WARNING * * *
Your ball python barely misses the adder.
Your ball python completely misses the adder.
The adder barely misses you. The kobold hits you with a whip.
* * * LOW HITPOINT WARNING * * *
You swap places.
* * * LOW HITPOINT WARNING * * *
You feel sick. The adder closely misses you.
Your ball python misses the adder.
Your ball python barely misses the adder.
The kobold hits your ball python with a whip.
Your ball python dies!
The adder barely misses you.
There is an open door here.
The adder misses you. The adder bites you.
You die...

#..#....#..#.# #..#.....# #.#
#....#.....#.# #..##.##.# #.#
#.##.##....#.# #.....##.# #.#
#.#....#.#.#.# #.######.# #.#
#.#..#.#.#.#.# #.##.....# #.#
#.#..#.#.#...# #.##.########.#
#.#..#.#.##..# #.##..........#
#.##.#.#.##..###.##########..#
#....#.#.##.....@# #...>###
######.#.###.###S# #.#....#
.....#........##K## #.####.#
.)...###....#.#...# #.# #.#
###### #....#...>.# #.####.# #
#....##....# #......# #
#....###...# ######## # #....#
#...# # #....# #.(.#


You could see an adder and a kobold.

Vanquished Creatures
  4 bats (D:1)
  2 goblins (D:1)
  6 hobgoblins (D:1)
  A giant newt (D:1)
  6 kobolds (D:1)
  A rat (D:1)
20 creatures vanquished.

Vanquished Creatures (collateral kills)
  A gnoll (D:1)
1 creature vanquished.

Grand Total: 21 creatures vanquished

Notes
Turn   | Place    | Note
--------------------------------------------------------------
     0 | D:1      | Gottschkopf the Naga Transmuter began the quest for the Orb.
     0 | D:1      | Reached XP level 1. HP: 18/18 MP: 3/3
   261 | D:1      | Reached XP level 2. HP: 23/25 MP: 3/5
   603 | D:1      | Learned a level 2 spell: Sticks to Snakes
   717 | D:1      | Found a sparkling altar of Nemelex Xobeh.
   876 | D:1      | Reached XP level 3. HP: 2/31 MP: 1/6
  1170 | D:1      | Learned a level 3 spell: Spider Form
  1468 | D:1      | Slain by an adder

Vault maps used:
D:1:      dpeg_arrival_short_road, nemelex_xobeh_ov_fountains_minmay
D:2:      first_bread

Action                   || total
-------------------------++-------
Melee: Unarmed           ||    78
 Cast: Beastly Appendage ||    10
       Sticks to Snakes  ||     4
  Use: Scroll            ||     1
  Eat: Chunk             ||     1
